 Dungeon Crawl Stone Soup version 0.21.1-1-g345015f (webtiles) character file.

162 blaueavocado the Chopper (level 5, -17/33 HPs)
             Began as a Tengu Fighter on Apr 23, 2018.
             Demolished by an ogre
             ... wielding a +0 giant club
              (28 damage)
             ... on level 3 of the Dungeon.
             The game lasted 00:05:12 (2786 turns).

blaueavocado the Chopper (Tengu Fighter)            Turns: 2786, Time: 00:05:13

Health: -17/33     AC:  9    Str: 18    XL:     5   Next: 43%
Magic:  6/6        EV:  9    Int:  8    God:
Gold:   61         SH:  0    Dex: 13    Spells: 4/4 levels left

rFire    . . .     SeeInvis .   j - -2 short sword (curse)
rCold    . . .     Gourm    .   (no shield)
rNeg     . . .     Faith    .   b - +0 scale mail
rPois    .         Spirit   .   (helmet restricted)
rElec    .         Reflect  .   (no cloak)
rCorr    .         Harm     .   m - +1 pair of gloves
MR       +....                  (boots unavailable)
Stlth    ..........             (no amulet)
HPRegen  0.11/turn              l - ring of protection from magic
MPRegen  0.10/turn              (no ring)

@: no status effects
A: beak, talons 3, able to fly 1
a: Fly


You were on level 3 of the Dungeon.
You were not hungry.

You visited 1 branch of the dungeon, and saw 3 of its levels.

You collected 61 gold pieces.

Inventory:

Hand Weapons
 a - a +0 war axe
 j - a cursed -2 short sword (weapon)
Armour
 b - a +0 scale mail (worn)
 m - a +1 pair of gloves (worn)
Jewellery
 l - a ring of protection from magic (left hand)
Scrolls
 c - a scroll of amnesia {unknown}
 e - a scroll of teleportation
 g - 2 scrolls of identify
Potions
 h - a potion of lignification {unknown}
 k - a potion of curing {unknown}
Comestibles
 f - 3 rations


   Skills:
 + Level 4.1 Fighting
 * Level 5.1 Axes
 - Level 3.2 Armour
   Level 3.0 Shields


You had 4 spell levels left.
You didn't know any spells.

Dungeon Overview and Level Annotations

Branches:
Dungeon (3/15)

Altars:
Elyvilon
Zin


Innate Abilities, Weirdness & Mutations

You have a beak for a mouth.
You have claws for feet.
You can fly.


Message History

You hit the goblin. You claw the goblin.
You kill the goblin!
You hit the goblin. You peck the goblin, but do no damage.
The goblin is heavily wounded.
The goblin barely misses you.
You hit the goblin.
The goblin is severely wounded.
The goblin barely misses you.
You hit the goblin.
You kill the goblin!
The ogre hits you with a giant club!
You hit the ogre. You peck the ogre.
The ogre is lightly wounded.
You hit the ogre. You claw the ogre, but do no damage.
The ogre is lightly wounded.
The ogre hits you with a giant club!
You are too injured to fight recklessly!
The ogre hits you with a giant club!!
Ouch! That really hurt!
You die...

.......#......###.#
#lg#
##.#.......(..))..#
#....
#.##############.#
##...# #.# #.# #..#
#.# #.# ..# #.# #.#
..# ##.# #g# .$#
...##############O#
................@.#
#################.#
###


You could see an ogre and a goblin.

Vanquished Creatures
  An orc wizard (D:3)
  5 adders
  2 worms (D:2)
  5 dart slugs
  A leopard gecko (D:3)
  2 orcs (D:2)
  5 giant cockroaches
  11 goblins
  9 hobgoblins
  4 jackals (D:1)
  2 quokkas
  3 ball pythons
  3 bats
  3 frilled lizards (D:1)
  6 kobolds
  3 rats (D:1)
65 creatures vanquished.

Notes
Turn   | Place    | Note
-------+----------+-------------------------------------------
     0 | D:1      | blaueavocado the Tengu Fighter began the quest for the Orb.
     0 | D:1      | Reached XP level 1. HP: 14/14 MP: 2/2
    73 | D:1      | Reached XP level 2. HP: 17/19 MP: 3/3
   125 | D:1      | Reached skill level 3 in Axes
   278 | D:1      | Reached XP level 3. HP: 23/23 MP: 4/4
  1200 | D:2      | Reached skill level 4 in Axes
  1200 | D:2      | Reached XP level 4. HP: 18/28 MP: 5/5
  1209 | D:2      | HP: 1/28 [goblin (3)]
  1216 | D:2      | HP: 1/28 [hobgoblin (1)]
  1457 | D:2      | Found a white marble altar of Elyvilon.
  1527 | D:2      | Found a glowing silver altar of Zin.
  2079 | D:3      | Gained mutation: You can fly. [Tengu growth]
  2079 | D:3      | Reached XP level 5. HP: 33/33 MP: 6/6
  2102 | D:3      | Reached skill level 5 in Axes
  2750 | D:3      | Noticed an ogre
  2786 | D:3      | Demolished by an ogre

Skill      XL: |  1  2  3  4  5 |
---------------+----------------+-----
Axes           | 3 4 5 |  5.1
Fighting       | 4 |  4.1
Armour         | |  3.2
Shields        | |  3.0

Action                   |  1- 3 |  4- 6 || total
-------------------------+-------+-------++-------
Melee: War axe           |    44 |       ||    44
       Peck              |    15 |    26 ||    41
       Kick              |    14 |    28 ||    42
       Short sword       |    19 |   101 ||   120
  Use: Scroll            |     5 |     2 ||     7
       Potion            |     1 |       ||     1
  Eat: Chunk             |     1 |     2 ||     3
       Ration            |       |     1 ||     1
Armor: Scale mail        |    42 |    61 ||   103
Dodge: Dodged            |    35 |    54 ||    89
